 Dungeon Crawl Stone Soup version 0.22.1-2-g9c5b331 (webtiles) character file.

30 empire the Conjurer (level 3, -7/26 HPs)
             Began as a Draconian Conjurer on Nov 13, 2018.
             Killed from afar by an orc wizard (10 damage)
             ... with a puff of flame
             ... on level 1 of the Dungeon.
             The game lasted 00:03:06 (813 turns).

empire the Conjurer (Draconian Conjurer)             Turns: 813, Time: 00:03:06

Health: -7/26      AC:  5    Str: 10    XL:     3   Next: 5%
Magic:  7/7        EV: 12    Int: 16    God:
Gold:   56         SH:  0    Dex: 11    Spells: 1/7 levels left

rFire    . . .     SeeInvis .   a - +0 short sword
rCold    . . .     Gourm    .   (no shield)
rNeg     . . .     Faith    .   (armour unavailable)
rPois    .         Spirit   .   (helmet restricted)
rElec    .         Reflect  .   (no cloak)
rCorr    .         Harm     .   (no gloves)
MR       .....                  (no boots)
Stlth    ++........             (no amulet)
HPRegen  0.08/turn              (no ring)
MPRegen  0.10/turn              (no ring)

@: about to teleport
A: unfitting armour, cold-blooded, AC +5
a: no special abilities


You were on level 1 of the Dungeon.
You were not hungry.

You visited 1 branch of the dungeon, and saw 2 of its levels.

You collected 56 gold pieces.

Inventory:

Hand Weapons
 a - a +0 short sword (weapon)
 b - a +0 hand axe
 c - a +0 mace
Scrolls
 h - a scroll of fear {unknown}
 i - a scroll of identify {unknown}
 j - 2 scrolls of teleportation
Potions
 d - a potion of heal wounds {unknown}
 g - a potion of might {unknown}
 k - a potion of resistance {unknown}
 l - a potion of magic {unknown}
 m - a potion of mutation {unknown}
 n - a potion of brilliance {unknown}
Comestibles
 e - 3 rations


   Skills:
 - Level 1.7 Dodging
 - Level 1.7 Stealth
 + Level 2.7 Spellcasting
 + Level 4.5 Conjurations


You had one spell level left.
You knew the following spells:

 Your Spells              Type           Power        Failure   Level  Hunger
a - Magic Dart            Conj           ###.         3%          1    #......
b - Searing Ray           Conj           ###...       4%          2    ##.....
c - Dazzling Spray        Conj/Hex       #.....       22%         3    ###....

Your spell library contained the following spells:

 Spells                   Type           Power        Failure   Level  Hunger
 Iskenderun's Mystic Bla  Conj           ###.....     30%         4    #####..
 Force Lance              Conj/Tloc      #.......     58%         4    #####..
 Fulminant Prism          Conj/Hex       #.........   58%         4    #####..


Dungeon Overview and Level Annotations

Branches:
Dungeon (2/15)

Altars:


Innate Abilities, Weirdness & Mutations

Your plain brown scales are hard. (AC +5)
You cannot fit into any form of body armour.
You are cold-blooded and may be slowed by cold attacks.


Message History

Something hits you.
A magic dart appears from out of thin air!
The magic dart hits you!
The orc wizard begins to cast a cantrip, but forgets the words!
Something hits you.
There is a stone staircase leading up here.
The orc wizard casts a spell.
The orc wizard flickers and vanishes!
Something hits you but does no damage.
You climb upwards.
There is a stone staircase leading down here.
Something completely misses you. Something hits you.
* * * LOW HITPOINT WARNING * * *
Unknown command.
As you read the scroll of teleportation, it crumbles to dust.
You feel strangely unstable. Something hits you.
* * * LOW HITPOINT WARNING * * *
You hear some strange, mumbled words.
A puff of flame appears from out of thin air!
The puff of flame hits you!
You die...

..# #..####..###.#
..# #............#
..# #.#####..#####
..# #.#####..# #.#
#........#
#.#######..#####.#
#..........# #.#
#########.## #.#
#.# #@# #.# #>#
#.# #.# #.# #.#
#.# #.# #.# #.#
#.# #.# #.# #.#
########.# #.##


There were no monsters in sight!

Vanquished Creatures
  An adder (D:2)
  A dart slug (D:1)
  6 bats
  5 hobgoblins (D:1)
  2 jackals (D:1)
  A frilled lizard (D:1)
  2 rats (D:1)
18 creatures vanquished.

Notes
Turn   | Place    | Note
-------+----------+-------------------------------------------
     0 | D:1      | empire the Draconian Conjurer began the quest for the Orb.
     0 | D:1      | Reached XP level 1. HP: 14/14 MP: 3/3
   332 | D:1      | Reached XP level 2. HP: 20/20 MP: 5/5
   702 | D:2      | Reached XP level 3. HP: 26/26 MP: 0/7
   706 | D:2      | Learned a level 2 spell: Searing Ray
   710 | D:2      | Learned a level 3 spell: Dazzling Spray
   813 | D:1      | Killed from afar by an orc wizard

Action                   || total
-------------------------++-------
Melee: Short sword       ||    66
       Tailslap          ||     2
 Cast: Magic Dart        ||     8
  Use: Scroll            ||     2
Armor: Skin              ||    31
Dodge: Dodged            ||    64
